Match 47335239
Unlisted

Match 47335239
End
Selects Armored Battlegroup
Selects Assault Engineers
Construct Barracks
Assault Engineer Squad
1⁄4-ton 4x4 Truck
Riflemen Squad
Riflemen Squad
Riflemen Squad
Grenade Package
Riflemen Squad
M1 Mortar Team
Selects Field Repairs
Mechanized Support Center
Construct Tank Depot
M4A1 Sherman Medium Tank
M1918 Browning Automatic Rifles
Riflemen Squad
Selects War Machine
Selects Strength in Steel
M18 Hellcat Tank Destroyer
Designate Forward Repair Station
M18 Hellcat Tank Destroyer
Scout Squad
Construct Medical Station
M18 Hellcat Tank Destroyer
Rapid Repairs
Rapid Repairs
Selects Seek and Destroy
Selects UNKNOWN (2160077)
M4A3E8 Sherman Easy Eight
Riflemen Squad
Riflemen Squad
M4A3E8 Sherman Easy Eight
Field Repairs
Bebop
JLChamberlain
Papa Smurf
Not vincentbui
快乐闭麦自由人
boqert04
Marduk
Tanith's Finest
0
0

Comments sign in to comment!

No comments posted yet!